 Dungeon Crawl Stone Soup version 0.29-a0-553-g81b289dbe5 (webtiles) character file.

Game seed: 206938214402370252

8 shadowstone the Firebug (level 2, -1/26 HPs)
             Began as a Meteoran Cinder Acolyte on June 6, 2022.
             Was a Follower of Fedhas.
             Slain by an adder (3 damage)
             ... on level 2 of the Dungeon.
             The game lasted 00:03:08 (782 turns).

shadowstone the Firebug (Meteoran Cinder Acolyte)    Turns: 782, Time: 00:03:09

Health: -1/26      AC:  2    Str: 15    XL:     2   Next: 29%
Magic:  5/5        EV: 11    Int: 15    God:    Fedhas [*.....]
Gold:   49         SH:  0    Dex:  9    Spells: 3/3 levels left

rFire   . . .      SeeInvis .   a - -1 falchion (flame)
rCold   . . .      Faith    .   (no shield)
rNeg    . . .      Spirit   .   b - +0 robe
rPois   .          Reflect  .   f - +0 hat
rElec   .          Harm     .   (no cloak)
rCorr   .          Rampage  .   (no gloves)
Will    .....                   (no boots)
Stlth   +.........              (no amulet)
HPRegen 0.08/turn               (no ring)
MPRegen 0.09/turn               (no ring)

@: lethally poisoned (-1 -> -2), glowing, fire susceptible
A: sense surroundings 1, otherworldly, glowing, explore regen
a: Renounce Religion


You were on level 2 of the Dungeon.
You worshipped Fedhas.
Fedhas was aware of your devotion.
You visited 1 branch of the dungeon, and saw 2 of its levels.

You collected 49 gold pieces.

Inventory:

Hand Weapons
 a - a -1 falchion of flaming (weapon)
Armour
 b - a +0 robe (worn)
 f - a +0 hat (worn)
Scrolls
 c - a scroll of vulnerability {unknown}
 d - a scroll of torment {unknown}
 g - a scroll of teleportation {unknown}
Potions
 e - 3 potions of curing {unknown}


   Skills:
 + Level 3.4 Fighting
 + Level 3.7 Long Blades
 + Level 0.7 Dodging
 + Level 1.3 Spellcasting
 + Level 3.9 Fire Magic


You had 3 spell levels left.
You didn't know any spells.
Your spell library contained the following spells:

 Spells                   Type           Power      Damage    Failure   Level
 Scorch                   Fire           24%        2d6       7%          2


Dungeon Overview and Level Annotations

Branches:
Dungeon (2/15)

Altars:
Fedhas


Innate Abilities, Weirdness & Mutations

You passively map a small area around you.
You are easily found by Zot.
You glow in the dark.
You regain HP and MP as you explore.


Message History

Found a short sword.
An adder comes into view.
The adder hisses angrily.
The adder barely misses you.
Found 21 stones.
The adder misses you. The adder bites you. x2
You are poisoned.
The adder poisons you!
You feel sick. The adder attacks as you move away! The adder bites you.
You are more poisoned.
The adder poisons you!
You feel sick.
You feel sick. The adder closely misses you. The adder bites you.
A bat comes into view.
You feel sick.
Found 7 gold pieces.
You feel sick. The bat closely misses you.
You feel sick. The bat hits you but does no damage.
You feel sick.
You are no longer poisoned.
The bat completely misses you. The adder bites you but does no damage.
The adder attacks as you move away! The adder bites you.
You are poisoned.
The adder poisons you!
Found 5 gold pieces.
You feel sick. The bat barely misses you. The bat attacks as you move away!
The bat barely misses you.
You feel sick. The bat barely misses you. The adder attacks as you move away!
The adder bites you but does no damage.
You feel sick. The bat hits you but does no damage.
The adder bites you but does no damage. The adder attacks as you move away!
The adder bites you.
* * * LOW HITPOINT WARNING * * *
x2 You feel sick.
The bat hits you but does no damage. The bat attacks as you move away!
The bat hits you but does no damage.
* * * LOW HITPOINT WARNING * * *
You feel sick. The bat barely misses you. The bat closely misses you.
You completely miss the bat.
* * * LOW HITPOINT WARNING * * *
You feel sick. The bat hits you but does no damage. The adder bites you.
You die...
Fedhas appreciates your contribution to the ecosystem.

* ,* , ,(# ####* .#
#.., ,, , .#
#.###########.#
#@............# , **
#bS.....###..##
#..........# #..# ,
#$##.#...$.#
#..##### * #
#.#.....#*#.......
,*#.###..###.#....##
,, #.# #...........#
* #.. .....)....#.#
* #.#########.#


You could see an adder and a bat.

Vanquished Creatures
  2 bats (D:1)
  2 goblins (D:1)
  A hobgoblin (D:1)
  A kobold (D:2)
  2 rats (D:1)
8 creatures vanquished.

Notes
Turn   | Place    | Note
-------+----------+-------------------------------------------
     0 | D:1      | shadowstone the Meteoran Cinder Acolyte began the quest for
                  | the Orb.
     0 | D:1      | Reached XP level 1. HP: 19/19 MP: 3/3
   114 | D:1      | Reached XP level 2. HP: 3/26 MP: 5/5
   471 | D:1      | Glimpsed the power of Zot.
   521 | D:1      | Glimpsed the power of Zot.
   564 | D:2      | Found a faded altar of an unknown god.
   571 | D:2      | Prayed at the altar of an unknown god.
   571 | D:2      | Fell from the grace of Ignis
   571 | D:2      | Became a worshipper of Fedhas Madash
   571 | D:2      | Reached * piety under Fedhas
   782 | D:2      | Slain by an adder

Illustrated notes

Levels and vault maps discovered:
D:1:      dpeg_arrival_subterranean_lakeside_camping, layout_basic
D:2:      layout_loops_ring, shapermc_ecumenical_altar_petra, serial_shops,
          nicolae_shop_stone

Action                   || total
-------------------------++-------
Melee: Falchion          ||    47
Armor: Robe              ||    56
Dodge: Dodged            ||    53

Table legend: (Time is in decaauts)
 A = Elapsed time spent in this place.
 B = Non-inter-level travel time spent in this place.
 C = Inter-level travel time spent in this place.
 D = Time resting spent in this place.
 E = Time spent auto-exploring this place.
 F = Levels seen in this place.
 G = Mean time per level.
                   A        B        C        D        E       F      G
               +--------+--------+--------+--------+--------+-----+--------+
         Total |    810 |    799 |     11 |    270 |      0 |   2 |  405.0 |
       Dungeon |    810 |    799 |     11 |    270 |      0 |   2 |  405.0 |
               +--------+--------+--------+--------+--------+-----+--------+

Top non-repeatable levels by time:
     D:1: 550 daAuts
     D:2: 260 daAuts
